 Dungeon Crawl Stone Soup version 0.18.1-48-g4cf74bf (webtiles) character file.

116 towersofbeng the Shield-Bearer (level 5, -2/41 HPs)
             Began as a Formicid Fighter on Sept 7, 2016.
             Killed from afar by an orc wizard (5 damage)
             ... with a puff of frost
             ... on level 3 of the Dungeon.
             The game lasted 00:04:23 (2945 turns).

towersofbeng the Shield-Bearer (Formicid Fighter)   Turns: 2945, Time: 00:04:23

Health: -2/41      AC:  7    Str: 26    XL:     5   Next: 21%
Magic:  5/5        EV:  9    Int:  7    God:
Gold:   146        SH: 10    Dex: 11    Spells: 0 memorised, 4 levels left

rFire  . . .     SeeInvis +     a - +0 war axe
rCold  . . .     Gourm    .     b - +0 scale mail
rNeg   . . .     Faith    .     c - +0 shield
rPois  .         Spirit   .     (helmet unavailable)
rElec  .         Dismiss  .     (no cloak)
rCorr  .         Reflect  .     (no gloves)
SustAt .         Harm     .     (no boots)
MR     .....                    (no amulet)
Stlth  ..........               (no ring)
                                (no ring)

@: mighty, not resistant to hostile enchantments, extremely unstealthy
A: permanent stasis, dig shafts and tunnels, four strong arms, antennae 3
a: Dig, Shaft Self


You were on level 3 of the Dungeon.
You were not hungry.

You visited 1 branch of the dungeon, and saw 3 of its levels.

You collected 146 gold pieces.

Inventory:

Hand Weapons
 a - a +0 war axe (weapon)
 n - a +2 vampiric spear
Armour
 b - a +0 scale mail (worn)
 c - a +0 shield (worn)
 g - a +0 plate armour
Wands
 q - a wand of disintegration (12/24)
Scrolls
 h - 6 scrolls of identify {unknown}
 i - a scroll of amnesia {unknown}
 l - a scroll of remove curse {unknown}
 o - 2 scrolls of magic mapping {unknown}
 p - a scroll of noise {unknown}
 r - a scroll of fear {unknown}
Potions
 d - 3 potions of might
 j - a potion of cure mutation {unknown}
 k - a potion of brilliance {unknown}
 m - a potion of berserk rage {unknown}
 u - a potion of magic {unknown}
Comestibles
 f - 2 bread rations
 s - a meat ration
 t - 4 chunks of flesh


   Skills:
 + Level 3.6 Fighting
 + Level 3.0 Axes
 + Level 4.1 Armour
 + Level 1.3 Dodging
 + Level 0.3 Stealth
 + Level 4.4 Shields


You had 4 spell levels left.
You didn't know any spells.

Dungeon Overview and Level Annotations

Branches:
Dungeon (3/15)

Altars:
Ru


Innate Abilities, Weirdness & Mutations

You are under a permanent stasis effect.
You can dig through walls and to a lower floor.
Your four strong arms can wield two-handed weapons with a shield.
You have a pair of large antennae on your head (SInv).


Message History

The orc priest casts a cantrip, but nothing happens.
You block the orc priest's attack.
The orc wizard points at you and mumbles some strange words.
The puff of frost hits you!
* * * LOW HITPOINT WARNING * * *
The orc priest barely misses you.
The orc priest mumbles some strange prayers to Beogh against you.
Pain shoots through your body!
* * * LOW HITPOINT WARNING * * *
Unknown command.
Drink which item? (? for menu, Esc to quit)
You feel better.
The orc wizard hits you but does no damage.
The orc priest hits you but does no damage.
The orc priest calls down the wrath of Beogh upon you.
Pain shoots through your body!
* * * LOW HITPOINT WARNING * * *
The orc wizard casts a spell at you. The puff of frost hits you!
You die...

######### ##.......####
##.#######...##
##.#..≈≈≈..#...#
####.#..≈...≈..#..#######
....#...≈._.≈...#........
##...#..≈...≈..#..#######
####.#..≈≈≈..#o@o#
##.#######.o)## #..
......# ###.#.....#
.......# #######
###.....# #...... #.....#
#...... ####### #.>....
#......


You could see 2 orc priests and an orc wizard.

Vanquished Creatures
  A gnoll (D:1)
  2 adders (D:2)
  An ooze (D:1)
  3 worms
  2 dart slugs (D:1)
  2 giant geckos (D:1)
  5 orcs
  A giant cockroach (D:1)
  6 goblins
  6 hobgoblins
  11 jackals
  3 kobolds
  A quokka (D:3)
  10 bats
  9 rats
63 creatures vanquished.

Notes
Turn   | Place    | Note
--------------------------------------------------------------
     0 | D:1      | towersofbeng the Formicid Fighter began the quest for the Orb.
     0 | D:1      | Reached XP level 1. HP: 18/18 MP: 1/1
    98 | D:1      | Reached XP level 2. HP: 24/24 MP: 2/2
   452 | D:1      | Reached XP level 3. HP: 29/29 MP: 3/3
   887 | D:1      | Reached XP level 4. HP: 36/36 MP: 4/4
  1379 | D:2      | Reached skill level 1 in Dodging
  2090 | D:2      | Reached XP level 5. HP: 40/41 MP: 5/5
  2908 | D:3      | Found a sacrificial altar of Ru.
  2944 | D:3      | HP: 2/41 [orc priest/nerve-wracking pain (6)]
  2945 | D:3      | Killed from afar by an orc wizard

Skill      XL: |  1  2  3  4  5 |
---------------+----------------+-----
Shields        | 4 |  4.4
Armour         | 4 |  4.1
Dodging        | 1 |  1.3
Axes           | 3 |  3.0
Fighting       | |  3.6
Stealth        | |  0.3

Action                   |  1- 3 |  4- 6 || total
-------------------------+-------+-------++-------
Melee: War axe           |    79 |   119 ||   198
  Use: Potion            |       |     3 ||     3
  Eat: Chunk             |       |     5 ||     5
       Beef jerky        |       |     1 ||     1
Armor: Scale mail        |    39 |    54 ||    93
Dodge: Dodged            |    32 |    45 ||    77
Block: Shield            |    44 |    66 ||   110
